 Dungeon Crawl Stone Soup version 0.26-a0-1164-g1a551d6a14 (webtiles) character file.

Game seed: 2681530827413433892

62 Sabo the Skirmisher (level 3, -3/29 HPs)
             Began as a Demonspawn Berserker on Dec 23, 2020.
             Was a Follower of Trog.
             Slain by a worm (7 damage)
             ... on level 3 of the Dungeon.
             The game lasted 00:11:54 (2651 turns).

Sabo the Skirmisher (Demonspawn Berserker)          Turns: 2651, Time: 00:11:54

Health: -3/29      AC:  6    Str: 17    XL:     3   Next: 85%
Magic:  12/12      EV: 11    Int:  8    God:    Trog [*.....]
Gold:   145        SH:  0    Dex: 13    Spells: 2/2 levels left

rFire    . . .     SeeInvis .   a - +0 hand axe
rCold    . . .     Faith    .   (no shield)
rNeg     . . .     Spirit   .   q - +0 swamp dragon scales
rPois    +         Reflect  .   (no helmet)
rElec    .         Harm     .   (no cloak)
rCorr    .         Rampage  .   (no gloves)
Will     .....                  (no boots)
Stlth    +.........             (no amulet)
HPRegen  0.09/turn              e - ring of magical power
MPRegen  0.13/turn              (no ring)

@: no status effects
A: claws 1, yellow scales 1, deformed body, wild magic 2, MP-powered wands
a: Renounce Religion, Berserk


You were on level 3 of the Dungeon.
You worshipped Trog.
Trog was aware of your devotion.
You visited 1 branch of the dungeon, and saw 3 of its levels.

You collected 145 gold pieces.

Inventory:

Hand Weapons
 a - a +0 hand axe (weapon)
 k - a +2 dagger of venom
Missiles
 c - 32 arrows
 m - 9 poisoned darts
Armour
 q - +0 swamp dragon scales (worn)
Jewellery
 e - a ring of magical power (left claw)
Scrolls
 d - a scroll of blinking {unknown}
 f - a scroll of teleportation {unknown}
 g - 2 scrolls of identify
 i - a scroll of immolation {unknown}
 n - 2 scrolls of remove curse {unknown}
 p - a scroll of enchant weapon {unknown}
Potions
 h - 2 potions of curing
 o - a potion of might {unknown}


   Skills:
 + Level 3.5 Fighting
 + Level 3.5 Axes
 + Level 2.2 Armour
 + Level 2.2 Dodging
 + Level 0.1 Stealth


You had 2 spell levels left.
You didn't know any spells.
Your spell library was empty.

Dungeon Overview and Level Annotations

Branches:
Dungeon (3/15)

Altars:
Trog
Uskayaw
The Shining One


Innate Abilities, Weirdness & Mutations

You have sharp fingernails.
You are partially covered in yellow scales. (AC +2)
Armour fits poorly on your strangely shaped body.
Your spells are harder to cast, but more powerful.
You expend magic power (3 MP) to strengthen your wands.


Message History

The worm is lightly wounded.
You hit the worm.
The worm is heavily wounded.
The worm bites you!
You barely miss the worm.
The worm is moderately wounded.
The worm closely misses you.
You barely miss the worm.
The worm is moderately wounded.
The worm bites you.
You barely miss the worm.
The worm is moderately wounded.
You barely miss the worm.
The worm is moderately wounded.
The worm bites you.
* * * LOW HITPOINT WARNING * * *
You hit the worm.
The worm is heavily wounded.
The worm bites you!
You die...

##############
...........>.###
######.........#
#..#######.###
#..# ### #...#
#...# ### #.#?#
#.#.+ ._. +.#@#
....# #.# #.#w#
.##..# #.# #...#
#+# #.### ...
#... #. #


You could see a worm.

Vanquished Creatures
  A gnoll (D:1)
  An adder (D:2)
  A worm (D:3)
  3 leopard geckos
  3 bats
  A giant cockroach (D:1)
  4 hobgoblins
  11 kobolds
  5 frilled lizards
  4 goblins (D:1)
  4 rats
38 creatures vanquished.

Notes
Turn   | Place    | Note
-------+----------+-------------------------------------------
     0 | D:1      | Sabo the Demonspawn Berserker began the quest for the Orb.
     0 | D:1      | Reached XP level 1. HP: 18/18 MP: 1/1
   309 | D:1      | Gained mutation: You are partially covered in yellow
                  | scales. (AC +2) [demonic ancestry]
   309 | D:1      | Reached XP level 2. HP: 24/24 MP: 2/2
   816 | D:1      | Gained mutation: You have sharp fingernails. [demonic
                  | ancestry]
   816 | D:1      | Reached XP level 3. HP: 27/29 MP: 3/3
  1141 | D:1      | Gained mutation: Your spells are a little harder to cast,
                  | but a little more powerful. [potion of mutation]
  1141 | D:1      | Gained mutation: Your spells are harder to cast, but more
                  | powerful. [potion of mutation]
  1141 | D:1      | Gained mutation: Armour fits poorly on your strangely
                  | shaped body. [potion of mutation]
  1141 | D:1      | Gained mutation: You expend magic power (3 MP) to
                  | strengthen your wands. [potion of mutation]
  1972 | D:2      | Found a bloodstained altar of Trog.
  2085 | D:2      | Found a hide-covered altar of Uskayaw.
  2624 | D:3      | Found a glowing golden altar of the Shining One.
  2651 | D:3      | Slain by a worm

Illustrated notes

Levels and vault maps discovered:
D:1:      lightli_arrival_lavapool, layout_rooms, minmay_misc_feat_enclosed,
          minmay_misc_feat_room
D:2:      layout_basic, lemuel_crystal_altar, lemuel_crystal_altar,
          interstate_on_off
D:3:      minmay_door_path, layout_basic, lemuel_doored_altar, st_stairs_5

Skill      XL: |  1  2 |
---------------+-------+-----
Axes           | 3 |  3.5
Armour         | 2 |  2.2
Dodging        | 2 |  2.2
Fighting       | |  3.5
Stealth        | |  0.1

Action                   || total
-------------------------++-------
Melee: Hand axe          ||   141
  Use: Potion            ||     5
       Scroll            ||     2
Armor: Animal skin       ||    12
       Swamp dragon scal ||    15
       Ring mail         ||    10
Dodge: Dodged            ||    77

Table legend: (Time is in decaauts)
 A = Elapsed time spent in this place.
 B = Non-inter-level travel time spent in this place.
 C = Inter-level travel time spent in this place.
 D = Time resting spent in this place.
 E = Time spent auto-exploring this place.
 F = Levels seen in this place.
 G = Mean time per level.
                   A        B        C        D        E       F      G
               +--------+--------+--------+--------+--------+-----+--------+
         Total |   2651 |   2651 |      0 |    764 |      0 |   3 |  883.7 |
       Dungeon |   2651 |   2651 |      0 |    764 |      0 |   3 |  883.7 |
               +--------+--------+--------+--------+--------+-----+--------+

Top non-repeatable levels by time:
     D:2: 1170 daAuts
     D:1: 1157 daAuts
     D:3: 322 daAuts
